 Dungeon Crawl Stone Soup version 0.29.0-15-g675c0067aa (webtiles) character file.

Game seed: 9486259006697917586

36 concernfroge the Trooper (level 3, -5/31 HPs)
             Began as a Mummy Monk on Sept 11, 2022.
             Killed from afar by Natasha (9 damage)
             ... with a puff of flame
             ... on level 2 of the Dungeon.
             The game lasted 00:01:52 (1064 turns).

concernfroge the Trooper (Mummy Monk)               Turns: 1064, Time: 00:01:53

Health: -5/31      AC:  6    Str: 16    XL:     3   Next: 19%
Magic:  3/3        EV: 12    Int:  9    God:
Gold:   45         SH:  0    Dex: 14    Spells: 2/2 levels left

rFire   x . .      SeeInvis .   a - +0 spear
rCold   + . .      Faith    .   (no shield)
rNeg    + + +      Spirit   .   b - +0 robe
rPois   ∞          Reflect  .   (no helmet)
rElec   .          Harm     .   (no cloak)
rCorr   .          Rampage  .   (no gloves)
Will    .....                   (no boots)
Stlth   ++........              (no amulet)
HPRegen 0.10/turn               c - +4 ring of protection
MPRegen 0.08/turn               (no ring)

@: slowed, very slow
A: cold resistance 1, negative energy resistance 3, torment resistance 2, heat
vulnerability 1, in touch with death 1, no potions
a: no special abilities


You were on level 2 of the Dungeon.
You visited 1 branch of the dungeon, and saw 2 of its levels.

You collected 45 gold pieces.

Inventory:

Hand Weapons
 a - a +0 spear (weapon)
Missiles
 g - a boomerang (quivered)
Armour
 b - a +0 robe (worn)
Jewellery
 c - a +4 ring of protection (left hand)
Scrolls
 e - a scroll of magic mapping
 f - a scroll of silence {unknown}


   Skills:
 + Level 4.3 Fighting
 - Level 2.4 Polearms
 - Level 2.4 Dodging
 - Level 1.5 Stealth


You had 2 spell levels left.
You didn't know any spells.
Your spell library contained the following spells:

 Spells                   Type           Power      Damage    Failure   Level
 Sandblast                Erth           0%         2d4       38%         1
 Passwall                 Tmut/Erth      0%         N/A       52%         2
 Stone Arrow              Conj/Erth      0%         3d7       77%         3


Dungeon Overview and Level Annotations

Branches:
Dungeon (2/15)

Altars:

Annotations:
D:2 Natasha


Innate Abilities, Weirdness & Mutations

You are immune to poison.
Your flesh is cold resistant. (rC+)
You are immune to negative energy. (rN+++)
You are immune to unholy pain and torment.
You are vulnerable to heat. (rF-)
You are in touch with the powers of death.
You do not drink.


Message History

A kobold and a rat come into view.
You throw a boomerang. The boomerang hits the rat.
You kill the rat!
You throw a boomerang.
The boomerang hits the kobold but does no damage.
The kobold shouts!
You throw a boomerang. The boomerang hits the kobold.
You kill the kobold!
No target in view!
Found a scroll of immolation.
Found a faded altar of an unknown god.
No target in view!
An endoplasm comes into view.
You throw a boomerang. The boomerang hits the endoplasm.
The endoplasm quivers.
The endoplasm is lightly wounded.
You throw a boomerang. The boomerang hits the endoplasm.
The endoplasm is heavily wounded.
You throw a boomerang. The boomerang hits the endoplasm.
You kill the endoplasm!
Found a stone staircase leading down.
Natasha, Servant of Life and Death comes into view.
She is carrying a wand of flame (15).
You throw a boomerang. The boomerang hits Natasha.
Natasha hisses angrily.
Natasha is lightly wounded.
Natasha zaps a wand.
The puff of flame hits you! The fire burns you terribly!
You throw a boomerang. The boomerang misses Natasha.
Natasha casts a spell at you.
You feel yourself slow down.
You throw a boomerang. The boomerang barely misses Natasha.
Natasha zaps a wand.
The puff of flame hits you! The fire burns you terribly!
* * * LOW HITPOINT WARNING * * *
As you read the scroll labelled TOAROM TODDIAP, it crumbles to dust.
You feel strangely unstable.
It was a scroll of teleportation.
Your surroundings suddenly seem different.
Found a stone staircase leading up.
As you read the scroll labelled QOEJUZXUETYSO, it crumbles to dust.
You feel aware of your surroundings.
It was a scroll of magic mapping.
Natasha misses you.
Natasha zaps a wand.
The puff of flame hits you! The fire burns you terribly!
You die...

...# #......................
...#******#.†#.#..###.#.########.
#...,,,,......#..!#............,,
#...,,,......#.......#...#####.*,
#...,,...)..##....##..#....# *,*,
*,,,,,.......#..#..........#**,*,
*,,,,,......+...._....#.......,*,
*,,,,,,,..,....#...#.#.......#,*,
*,,,,,,,,,,..,,#@h.#..........,,,
*,,,,,,,,.............#.....>.***
*********#<..#...##.##..####.#*
#.,*#.#..#..#..#*,,,*
*,,............#*,***
*,*....####..###*,* *,..#*#* *,**
*,* *###* *,* *,* *,* *,*


You could see Natasha.

Vanquished Creatures
  2 dart slugs (D:1)
  3 ball pythons (D:1)
  3 endoplasms
  2 giant cockroaches (D:1)
  2 goblins
  5 hobgoblins
  2 bats (D:1)
  2 frilled lizards (D:1)
  5 kobolds
  3 rats
29 creatures vanquished.

Notes
Turn   | Place    | Note
-------+----------+-------------------------------------------
     0 | D:1      | concernfroge the Mummy Monk began the quest for the Orb.
     0 | D:1      | Reached XP level 1. HP: 18/18 MP: 1/1
   139 | D:1      | Reached XP level 2. HP: 19/25 MP: 2/2
   521 | D:1      | Reached skill level 4 in Fighting
   899 | D:2      | Gained mutation: You are in touch with the powers of death.
                  | [Mummy growth]
   899 | D:2      | Reached XP level 3. HP: 22/30 MP: 3/3
  1026 | D:2      | Found a faded altar of an unknown god.
  1056 | D:2      | Noticed Natasha
  1064 | D:2      | Killed from afar by Natasha

Illustrated notes

Levels and vault maps discovered:
D:1:      amcnicky_arrival_choice, layout_rooms, minmay_misc_feat_secret_circle
D:2:      layout_basic, hellmonk_ecumenical_altar_blasted, uniq_natasha

Skill      XL: |  1  2 |
---------------+-------+-----
Fighting       | 4 |  4.3
Polearms       | |  2.4
Dodging        | |  2.4
Stealth        | |  1.5

Action                   || total
-------------------------++-------
Melee: Spear             ||    92
       Punch             ||     1
Throw: Boomerang         ||    15
  Use: Scroll            ||     2
 Stab: Sleeping          ||     7
Armor: Robe              ||    23
Dodge: Dodged            ||    48
